 Dungeon Crawl Stone Soup version 0.30.1-3-gfc49f6343a (webtiles) character file.

Game seed: 5048633063811147385

333 Peloso the Shield-Bearer (level 6, -2/53 HPs)
             Began as a Minotaur Fighter on July 26, 2023.
             Was a Follower of Okawaru.
             Slain by a vampire (3 damage)
             ... on level 5 of the Dungeon.
             The game lasted 00:04:40 (2067 turns).

Peloso the Shield-Bearer (Minotaur Fighter)         Turns: 2067, Time: 00:04:40

Health: -2/53      AC: 11    Str: 20    XL:     6   Next: 27%
Magic:  5/5        EV: 10    Int:  5    God:    Okawaru [*.....]
Gold:   197        SH:  0    Dex: 12    Spells: 5/5 levels left

rFire   . . .        a - +0 long sword
rCold   . . .        d - +0 buckler
rNeg    . . .        b - +0 scale mail
rPois   .            (helmet restricted)
rElec   .            v - +0 cloak
rCorr   .            c - +0 pair of gloves
SInv    .            (no boots)
Will    .....        j - amulet of reflection Stlth
                     (no ring)
HPRegen 0.28/turn    (no ring)
MPRegen 0.09/turn

%: reflection
@: confused, mighty
A: horns 2, retaliatory headbutt, iridescent scales 1
a: Renounce Religion, Heroism


You were on level 5 of the Dungeon.
You worshipped Okawaru.
Okawaru was aware of your devotion.
You visited 2 branches of the dungeon, and saw 5 of its levels.

You collected 197 gold pieces.

Inventory:

Hand Weapons
 a - a +0 long sword (weapon)
Armour
 b - a +0 scale mail (worn)
 c - a +0 pair of gloves (worn)
 d - a +0 buckler (worn)
 v - a +0 cloak (worn)
Jewellery
 j - an amulet of reflection (around neck)
Scrolls
 e - a scroll of noise
 f - a scroll of teleportation {unknown}
 i - a scroll of amnesia
 m - 2 scrolls of vulnerability {unknown}
 p - a scroll of enchant armour {unknown}
 q - a scroll of magic mapping {unknown}
 r - a scroll of identify
 t - a scroll of summoning {unknown}
Potions
 h - a potion of ambrosia {unknown}
 k - a potion of flight {unknown}
 l - a potion of cancellation {unknown}
 n - 2 potions of attraction {unknown}
 o - a potion of brilliance {unknown}
 s - a potion of curing {unknown}
 u - a potion of berserk rage {unknown}


   Skills:
 + Level 4.4 Fighting
 + Level 4.8 Long Blades
 + Level 5.2 Armour
 + Level 1.7 Dodging
 + Level 0.1 Stealth
 + Level 5.2 Shields


You had 5 spell levels left.
You didn't know any spells.
Your spell library contained the following spells:

 Spells                   Type           Power      Damage    Failure   Level
 Ensorcelled Hibernation  Hex/Ice        0%         N/A       95%         2
 Passwall                 Tmut/Erth      0%         N/A       95%         2
 Swiftness                Air            0%         N/A       99%         3


Dungeon Overview and Level Annotations

Branches:
Dungeon (5/15)             Temple (1/1) D:5

Altars:
Dithmenos
Gozag
Okawaru
Trog
Vehumet
Yredelemnul


Innate Abilities, Weirdness & Mutations

You have a pair of horns on your head.
You reflexively headbutt those who attack you in melee.
You are partially covered in iridescent scales. (AC +2)


Message History

A vampire is nearby!
A vampire is nearby!
You slash the vampire!
The vampire is moderately damaged.
You block the vampire's attack. x2
You completely miss the vampire.
The vampire is moderately damaged.
The vampire gestures at you while chanting.
You resist with significant effort.
You feel very mighty all of a sudden. The vampire barely misses you.
You furiously retaliate!
You headbutt the vampire!! The vampire barely misses you.
You hit the vampire.
The vampire is almost destroyed.
The vampire hits you. You block the vampire's attack.
You completely miss the vampire.
The vampire is almost destroyed.
The vampire hits you but does no damage.
You block the vampire's attack. The vampire draws life force from you!
The vampire is healed by the life force!
You hit the vampire.
The vampire is severely damaged.
The vampire draws life force from you!
The vampire is healed by the life force!
You closely miss the vampire. You headbutt the vampire!
The vampire is severely damaged.
The vampire points at you and mumbles some strange words.
You are confused.
You bump into the rock wall.
The vampire draws life force from you!
* * * LOW HITPOINT WARNING * * *
The vampire is healed by the life force!
You bump into the rock wall.
The vampire closely misses you. The vampire barely misses you.
The vampire closely misses you. The vampire bites you!
* * * LOW HITPOINT WARNING * * *
The vampire draws strength from your injuries!
You bump into the rock wall.
The vampire hits you.
* * * LOW HITPOINT WARNING * * *
The vampire bites you.
You die...

#.#........#.# #.##.#
####.#...##...#.#######.#
#......(..#...#.........#
#.##.###.####.###########
#.#....#.# #....#
..####(#.# ####.#
######.#.. #.# .......###
# #.# ######## #.#@#
#.V.# ###.# ###


You could see a vampire.

Vanquished Creatures
  2 black bears (D:5)
  A scorpion (D:5)
  An iguana (D:5)
  4 dart slugs
  An orc (D:3)
  2 ball pythons
  3 bats (D:1)
  3 endoplasms (D:1)
  2 giant cockroaches
  6 goblins
  6 hobgoblins
  8 jackals
  4 quokkas
  4 frilled lizards
  4 kobolds
  2 rats
53 creatures vanquished.

Notes
Turn   | Place    | Note
-------+----------+-------------------------------------------
     0 | D:1      | Peloso the Minotaur Fighter began the quest for the Orb.
     0 | D:1      | Reached XP level 1. HP: 19/19 MP: 0/0
    67 | D:1      | Reached XP level 2. HP: 26/27 MP: 1/1
   198 | D:1      | Found a faded altar of an unknown god.
   376 | D:1      | Reached XP level 3. HP: 33/33 MP: 2/2
   725 | D:1      | Gained mutation: You are partially covered in iridescent
                  | scales. (AC +2) [potion of mutation]
  1634 | D:3      | You fall into a shaft and drop 2 floors!
  1634 | D:5      | Entered Level 5 of the Dungeon
  1654 | D:5      | Noticed a scorpion
  1662 | D:5      | Killed a scorpion
  1663 | D:5      | Reached XP level 4. HP: 28/40 MP: 3/3
  1802 | D:5      | Found a staircase to the Ecumenical Temple.
  1807 | Temple   | Entered the Ecumenical Temple
  1829 | Temple   | Became a worshipper of Warmaster Okawaru
  1853 | D:5      | Noticed a black bear
  1854 | D:5      | Found a bloodstained altar of Trog.
  1854 | D:5      | Noticed a black bear
  1869 | D:5      | Killed a black bear
  1870 | D:5      | Reached skill level 5 in Armour
  1870 | D:5      | Reached skill level 1 in Dodging
  1870 | D:5      | Reached XP level 5. HP: 45/47 MP: 4/4
  1872 | D:5      | Reached skill level 5 in Shields
  1878 | D:5      | Killed a black bear
  1878 | D:5      | Reached * piety under Okawaru
  1879 | D:5      | Reached XP level 6. HP: 38/53 MP: 5/5
  2056 | D:5      | Noticed a vampire
  2067 | D:5      | HP: 1/53 [vampire (5)]
  2067 | D:5      | Slain by a vampire

Illustrated notes

Levels and vault maps discovered:
D:1:      sevenhm_arrival_forest_fort_small_3, layout_basic,
          nicolae_ecumenical_lake_church, grunt_decor_resistance
D:2:      layout_loops_ring
D:3:      layout_basic, solitary_fountain
D:5:      layout_basic, trog_ov_bears_minmay, temple_doors_cd
Temple:   nicolae_temple_elliptical

Skill      XL: |  1  2  3  4  5 |
---------------+----------------+-----
Armour         | 4 5 |  5.2
Shields        | 4 5 |  5.2
Fighting       | 4 |  4.4
Long Blades    | 3 4 |  4.8
Dodging        | 1 |  1.7
Stealth        | |  0.1

Action                     |  1- 3 |  4- 6 || total
---------------------------+-------+-------++-------
  Melee: Long sword        |   124 |    27 ||   151
         Headbutt          |    14 |     7 ||    21
    Use: Scroll            |     2 |       ||     2
         Potion            |     1 |     1 ||     2
 Armour: Scale mail        |    76 |    21 ||    97
  Dodge: Dodged            |    65 |    21 ||    86
  Block: Buckler           |    58 |    18 ||    76
         Reflection        |     2 |       ||     2
